 Dungeon Crawl Stone Soup version 0.23-a0-310-gdcc7a32 (webtiles) character file.

413 namelastname112 the Slasher (level 6, -1/56 HPs)
             Began as a Draconian Chaos Knight on Oct 12, 2018.
             Was a Plaything of Xom.
             Blown up by an orc (9 damage)
             ... with a wand of disintegration (14)
             ... on level 4 of the Dungeon.
             The game lasted 00:05:42 (3245 turns).

namelastname112 the Slasher (DrCK)                  Turns: 3245, Time: 00:05:43

Health: -1/56      AC:  7    Str: 15    XL:     6   Next: 59%
Magic:  6/6        EV: 13    Int: 12    God:    Xom [....*.]
Gold:   141        SH:  0    Dex: 12    Spells: 5/5 levels left

rFire    . . .     SeeInvis .   a - +0 falchion (chaos)
rCold    . . .     Gourm    .   (no shield)
rNeg     . . .     Faith    .   (armour unavailable)
rPois    .         Spirit   .   (helmet restricted)
rElec    .         Reflect  .   p - +0 cloak
rCorr    .         Harm     .   (no gloves)
MR       .....                  (no boots)
Stlth    +.........             (no amulet)
HPRegen  0.18/turn              (no ring)
MPRegen  0.10/turn              (no ring)

@: no status effects
A: unfitting armour, cold-blooded, AC +6
a: Renounce Religion


You were on level 4 of the Dungeon.
You worshipped Xom.
You were a beloved toy of Xom.
You were not hungry.

You visited 1 branch of the dungeon, and saw 4 of its levels.

You collected 141 gold pieces.

Inventory:

Hand Weapons
 a - a +0 falchion of chaos (weapon)
Armour
 f - a scarf of cloud immunity
 p - a +0 cloak (worn)
Wands
 q - a wand of random effects (27)
Scrolls
 c - 5 scrolls of identify {unknown}
 d - a scroll of noise {unknown}
 e - 3 scrolls of magic mapping {unknown}
 g - a scroll of enchant armour {unknown}
 k - a scroll of teleportation {unknown}
 m - a scroll of immolation {unknown}
 n - a scroll of blinking {unknown}
 o - 2 scrolls of remove curse {unknown}
Potions
 h - 2 potions of flight
 i - 4 potions of curing
 j - a potion of brilliance {unknown}
 l - a potion of lignification {unknown}
Comestibles
 b - 11 rations


   Skills:
 + Level 5.0 Fighting
 * Level 5.7 Long Blades
 + Level 3.6 Dodging


You had 5 spell levels left.
You didn't know any spells.
Your spell library was empty.

Dungeon Overview and Level Annotations

Branches:
Dungeon (4/15)
 Temple: D:4-7

Altars:
Hepliaklqana
Kikubaaqudgha
Xom

Shops:
D:4 (


Innate Abilities, Weirdness & Mutations

Your plain brown scales are hard. (AC +6)
You cannot fit into any form of body armour.
You are cold-blooded and may be slowed by cold attacks.


Message History

The bullfrog skeleton closely misses you.
You riposte.
You hit the bullfrog skeleton.
Lightning courses through the bullfrog skeleton!
You destroy the bullfrog skeleton!
Your Fighting skill increases to level 5!
The orc throws a tomahawk.
The tomahawk closely misses you.
The orc throws a tomahawk.
The tomahawk closely misses you.
You see here a tomahawk.
The orc hits you but does no damage.
Things that are here:
a worker ant corpse; a howler monkey corpse You completely miss the orc.
The orc zaps a wand.
You are blasted!
* * * LOW HITPOINT WARNING * * *
It is a wand of disintegration (14).
You take 19 damage, and have 8/56 hp.
MASSIVE DAMAGE!!
You hit the orc.
The orc is heavily wounded.
The orc zaps a wand.
You are blasted!
You die...
Xom laughs nastily!

#......._..... .
#...5.............. ..#
#...Z.............
#..##.................
#..##................ ##
#......Z...........# .###
###....w..........
...#### ##S†#######.(###
......#####..###@(.....#
...∩......##.5Zo######..#
#.............###
###..........##
###........# ###.....##
###...# ##.## ##.#


You could see a crimson imp, an orc and a jackal skeleton.

Vanquished Creatures
  2 howler monkeys (D:4)
  A hound (D:4)
  A bullfrog skeleton (D:4)
  Terence (D:3)
  A worker ant (D:4)
  4 gnolls
  12 adders
  An ooze (D:1)
  A worm (D:2)
  3 dart slugs
  4 orcs
  A giant cockroach (D:1)
  4 goblins
  6 hobgoblins
  11 jackals
  3 quokkas
  A ball python (D:2)
  13 bats
  5 frilled lizards
  4 kobolds
  7 rats
86 creatures vanquished.

Vanquished Creatures (others)
  A human (D:2)
1 creature vanquished.

Grand Total: 87 creatures vanquished

Notes
Turn   | Place    | Note
-------+----------+-------------------------------------------
     0 | D:1      | namelastname112 the Draconian Chaos Knight began the quest
                  | for the Orb.
     0 | D:1      | Reached XP level 1. HP: 19/19 MP: 1/1
    11 | D:1      | Malog: как ксом работает?
    24 | D:1      | Reached XP level 2. HP: 25/26 MP: 2/2
    25 | D:1      | namelastname112: в смысле
    38 | D:1      | XOM: divination: detect creatures
   246 | D:1      | Reached XP level 3. HP: 26/31 MP: 3/3
   323 | D:1      | Malog: в прямом
   453 | D:1      | Malog: Я не понимаю как им играть
   560 | D:1      | Malog: он может как хуйню сделать, так и заебись?
   573 | D:1      | namelastname112: ну дык да
   642 | D:1      | XOM: harmless Hex miscast
   645 | D:1      | XOM: harmless Necr miscast
   748 | D:1      | XOM: silly message
  1199 | D:2      | Found a hazy altar of Hepliaklqana.
  1218 | D:2      | XOM: divination: detect creatures
  1225 | D:2      | Reached XP level 4. HP: 32/40 MP: 4/4
  1269 | D:2      | XOM: divination: detect creatures
  1311 | D:2      | Found an ancient bone altar of Kikubaaqudgha.
  1316 | D:2      | Noticed a human
  1317 | D:2      | Killed a human
  1720 | D:3      | XOM: potion effect (haste)
  1934 | D:3      | Reached XP level 5. HP: 44/46 MP: 5/5
  1956 | D:3      | XOM: medium Tloc miscast
  1957 | D:3      | Noticed a spatial vortex
  1957 | D:3      | Noticed a spatial vortex
  1957 | D:3      | Noticed a spatial vortex
  2240 | D:3      | XOM: potion effect (invisibility)
  2258 | D:3      | Noticed Terence
  2287 | D:3      | XOM: enchant monster (bad)
  2290 | D:3      | XOM: 6-stop teleportation journey
  2573 | D:3      | Killed Terence
  2573 | D:3      | Reached skill level 5 in Long Blades
  2785 | D:3      | Found a faded altar of an unknown god.
  2899 | D:4      | Found Egyda's Weapon Shop.
  2947 | D:4      | Reached XP level 6. HP: 15/53 MP: 6/6
  3216 | D:4      | XOM: scenery: create altars
  3241 | D:4      | Reached skill level 5 in Fighting
  3245 | D:4      | Blown up by an orc

Vault maps used:
D:1:      grunt_arrival_crossed_arrows
D:2:      nicolae_overflow_crystal_walls, grunt_ministairs_12,
          minmay_misc_feat_x, tgw_kikubaaqudgha
D:3:      chequers_ecumenical_altar_grove, uniq_terence
D:4:      first_ration, serial_shops, shop, uniq_sigmund

Skill      XL: |  1  2  3  4  5  6 |
---------------+-------------------+-----
Long Blades    | 4 5 |  5.7
Fighting       | 4 5 |  5.0
Dodging        | 3 |  3.6

Action                   |  1- 3 |  4- 6 || total
-------------------------+-------+-------++-------
Melee: Falchion          |   100 |   188 ||   288
       Tailslap          |     6 |    27 ||    33
  Use: Potion            |       |     2 ||     2
 Stab: Paralysed         |     3 |     1 ||     4
       Sleeping          |     2 |       ||     2
       Invisible         |       |     3 ||     3
  Eat: Chunk             |     1 |     7 ||     8
Armor: Skin              |    31 |    52 ||    83
Dodge: Dodged            |    86 |   103 ||   189
       Rpst.: Falchion   |    28 |    41 ||    69

Table legend:
 A = Non-vault XP
 B = Vault XP
 C = Vault XP percentage of total XP
 D = Non-vault monster count
 E = Vault monster count
 F = Vault count percentage of total count
                 A         B        C        D         E       F
            +---------+---------+-------+---------+---------+-------
      Total |     560 |      30 |   5.1 |      83 |       3 |   3.5
            +---------+---------+-------+---------+---------+-------
        D:1 |      51 |       0 |   0.0 |      22 |       0 |   0.0
        D:2 |      74 |       3 |   3.9 |      21 |       2 |   8.7
        D:3 |     150 |      27 |  15.3 |      30 |       1 |   3.2
        D:4 |     285 |       0 |   0.0 |      10 |       0 |   0.0
            +---------+---------+-------+---------+---------+-------
